Map: Lightshade LE

Players

MaxPax

  • Race: Protoss Protoss
  • League: Grandmaster
  • Spawn Location: 11:00

AGOElazer (Elazer) - Winner!

  • Race: Zerg Zerg
  • Spawn Location: 5:00

Event: DreamHack SC2 Masters 2020 Winter

VOD

Have the link to the VOD?

Description

Time

  • Played on: Oct. 24, 2020, 1:40 p.m.
  • Length: 10:20

All games in this series

Show
View Real Time Build Order
Export as new Build Order

MaxPax Protoss 

Build Orders: 1 Gate Expand, Mass Adepts 

Get SALT Encoding   

  12  0:00  Probe  
  13  0:12  Probe  
  14  0:20  Pylon  
  14  0:24  Probe  
  15  0:38  Probe (Chrono Boost)  
  15  0:42  Gateway  
  16  0:48  Assimilator, Probe (Chrono Boost)  
  17  0:53  Probe (Chrono Boost)  
  18  1:04  Probe  
  19  1:16  Probe  
  20  1:26  Nexus  
  20  1:32  Cybernetics Core  
  20  1:35  Probe  
  21  1:42  Assimilator  
  22  1:47  Probe  
  22  1:49  Pylon  
  22  1:59  Probe (Chrono Boost)  
  23  2:08  Stalker  
  25  2:10  Warp Gate  
  25  2:11  Probe (Chrono Boost)  
  26  2:19  Probe (Chrono Boost)  
  27  2:25  Probe (Chrono Boost)  
  27  2:28  Twilight Council  
  29  2:37  Probe (Chrono Boost)  
  29  2:38  Adept  
  29  2:41  Probe (Chrono Boost)  
  33  2:45  Probe (Chrono Boost)  
  33  2:48  Probe (Chrono Boost)  
  34  2:53  Robotics Facility, Probe (Chrono Boost)  
  34  2:54  Probe (Chrono Boost)  
  36  3:04  Gateway, Probe  
  37  3:07  Resonating Glaives (Chrono Boost)  
  37  3:14  Gateway  
  37  3:21  Gateway  
  38  3:30  Gateway  
  38  3:31  Gateway  
  37  3:37  Warp Prism (Chrono Boost)  
  39  3:42  Probe  
  39  3:43  Probe  
  39  3:47  Pylon  
  41  3:57  Probe  
  41  4:00  Adept x2  
  41  4:02  Pylon  
  46  4:15  Pylon, Probe x2  
  48  4:23  Adept x4  
  56  4:26  Adept  
  56  4:27  Adept  
  60  4:49  Adept x3  
  66  4:53  Pylon  
  66  4:54  Pylon  
  54  5:07  Immortal (Chrono Boost)  
  54  5:10  Assimilator  
  54  5:11  Adept x4  
  54  5:13  Adept  
  60  5:16  Probe  
  57  5:21  Probe  
  59  5:31  Pylon  
  59  5:36  Immortal (Chrono Boost)  
  62  5:43  Adept x2  
  62  5:45  Probe  
  62  5:48  Adept  
  69  5:50  Adept  
  69  5:52  Pylon  
  69  5:55  Adept  
  73  6:07  Adept x3  
  79  6:12  Stalker  
  81  6:22  Adept x2  
  85  6:26  Pylon  
  85  6:27  Pylon  
  85  6:28  Observer  
  85  6:31  Adept x3  
  92  6:47  Pylon  
  92  6:48  Adept x2  
  92  6:49  Adept  
  92  6:51  Adept x2  
  101  7:13  Adept x3  
  101  7:14  Adept x3  
  57  7:35  Robotics Bay  
  51  7:37  Probe x2  
  51  7:39  Adept  
  55  7:49  Probe x2  
  55  7:50  Adept x4  
  65  8:01  Probe  
  65  8:02  Probe  
  67  8:14  Nexus, Probe  
  68  8:20  Disruptor (Chrono Boost)  
  68  8:21  Assimilator  
  68  8:25  Gravitic Drive  
  68  8:26  Probe  
  72  8:27  Probe  
  72  8:37  Pylon  
  72  8:38  Probe  
  72  8:39  Probe  
  74  8:46  Disruptor (Chrono Boost)  
  77  8:49  Pylon  
  77  8:50  Shield Battery, Probe  
  77  8:51  Probe  
  77  8:55  Stalker  
  81  8:56  Stalker  
  81  9:02  Probe  
  84  9:03  Probe  
  84  9:09  Stalker x2  
  89  9:14  Probe (Chrono Boost)  
  89  9:15  Observer (Chrono Boost)  
  91  9:17  Probe (Chrono Boost)  
  91  9:19  Stalker  
  94  9:27  Probe (Chrono Boost)  
  89  9:31  Adept x2  
  89  9:33  Probe (Chrono Boost)  
  90  9:43  Adept x2  
  90  9:44  Adept x2  
  84  9:54  Adept x2  
  58  10:08  Adept x4  
Show
View Real Time Build Order
Export as new Build Order

AGOElazer Zerg - Winner!

Build Orders: Hatch First 

Get SALT Encoding   

  12  0:00  Drone  
  13  0:11  Overlord  
  13  0:16  Drone  
  14  0:30  Drone x2  
  16  0:47  Hatchery  
  15  0:50  Drone  
  15  0:54  Drone  
  17  0:57  Drone  
  18  1:08  Extractor  
  17  1:13  Spawning Pool  
  17  1:16  Drone  
  17  1:20  Drone  
  18  1:27  Drone  
  19  1:39  Drone  
  20  1:50  Hatchery  
  20  1:52  Drone  
  20  1:59  Queen  
  20  2:00  Zergling x2  
  23  2:04  Drone  
  24  2:10  Drone  
  24  2:13  Overlord  
  25  2:22  Drone  
  26  2:24  Queen  
  28  2:32  Drone  
  28  2:33  Drone x2  
  31  2:39  Queen  
  31  2:43  Drone  
  35  2:44  Drone  
  35  2:55  Overlord  
  35  2:56  Drone  
  36  3:02  Queen  
  36  3:04  Drone x3  
  41  3:12  Drone  
  42  3:15  Queen  
  44  3:20  Drone  
  44  3:21  Drone  
  44  3:24  Overlord  
  46  3:31  Metabolic Boost  
  46  3:33  Drone  
  50  3:34  Drone x3  
  50  3:41  Spore Crawler  
  49  3:42  Drone x4  
  49  3:46  Overlord  
  49  3:47  Drone x3  
  56  3:54  Roach Warren  
  55  3:56  Queen  
  55  4:01  Overlord  
  57  4:05  Zergling x6  
  57  4:06  Zergling x2  
  61  4:12  Overlord  
  61  4:14  Spore Crawler  
  60  4:22  Zergling x16  
  68  4:26  Overlord  
  68  4:34  Roach x5  
  80  4:38  Roach x2  
  80  4:41  Overlord  
  80  4:48  Roach  
  79  4:53  Zergling x10  
  75  5:01  Roach x2  
  75  5:03  Zergling x12  
  76  5:12  Zergling x4  
  76  5:25  Drone x5  
  81  5:29  Drone x3  
  81  5:34  Drone  
  85  5:37  Drone x2  
  85  5:39  Lair  
  87  5:45  Queen, Overlord  
  87  5:46  Drone  
  87  5:47  Drone  
  91  6:02  Drone x3  
  94  6:04  Extractor  
  94  6:05  Evolution Chamber  
  92  6:12  Overlord  
  92  6:13  Drone x9  
  92  6:16  Overlord  
  101  6:23  Drone  
  101  6:25  Overlord  
  101  6:28  Overlord  
  101  6:32  Spine Crawler  
  100  6:34  Overlord  
  100  6:37  Roach x6  
  112  6:40  Overlord  
  112  6:47  Spine Crawler  
  111  6:48  Ravager  
  111  6:49  Zergling x12  
  111  6:50  Extractor  
  117  6:55  Roach  
  117  7:01  Roach  
  121  7:02  Overlord  
  121  7:05  Overlord  
  120  7:11  Roach x3  
  112  7:16  Roach, Zergling x12  
  107  7:23  Roach  
  107  7:26  Zergling x2  
  103  7:38  Drone x5  
  103  7:39  Drone x4  
  103  7:44  Overlord, Glial Reconstitution  
  111  7:45  Drone  
  111  7:46  Drone x3  
  111  7:48  Extractor  
  111  7:50  Extractor, Overlord  
  113  7:55  Zerg Missile Weapons Level 1  
  113  7:58  Hatchery  
  113  7:59  Drone x2  
  113  8:04  Extractor  
  111  8:07  Drone x7, Overseer  
  118  8:16  Overlord  
  118  8:19  Roach  
  128  8:20  Roach x4  
  128  8:21  Overseer  
  128  8:29  Roach  
  128  8:30  Roach x4  
  138  8:36  Overlord  
  138  8:43  Roach x7  
  138  8:45  Overseer  
  138  8:48  Overlord  
  152  8:53  Roach  
  152  8:54  Roach  
  156  9:01  Roach  
  156  9:02  Roach x7  
  172  9:09  Overlord  
  172  9:13  Roach  
  172  9:14  Roach x5  
  184  9:21  Roach  
  184  9:22  Roach x2  
  190  9:31  Roach x5  
  166  9:32  Zergling x2  
  166  9:35  Infestation Pit  
  160  9:39  Zergling x12  
  160  9:51  Zergling x8  
  161  9:57  Roach x2  
Tags
 
Add a new tag
Caveats
  • Supply blocks, unpowered buildings, or Contaminate may cause inaccurate times.
  • Supply counts are checked every 10 seconds.